 Dungeon Crawl Stone Soup version bcrawl-1.37.2 (webtiles) character file.

Game seed: 791883204365117071

164275 Coyote68 the Covered (level 5, -2/41 HPs)
             Began as a Human Fighter on Nov 24, 2022.
             Was an Initiate of Elyvilon.
             Slain by an orc
             ... wielding a +0 trident
              (3 damage)
             ... on level 3 of the Dungeon.
             The game lasted 00:09:04 (1974 turns).

Coyote68 the Covered (Human Fighter)                Turns: 1974, Time: 00:09:04

Health: -2/41      AC:  7    Str: 18    XL:     5   Next: 56%
Magic:  5/5        EV:  5    Int:  8    God:    Elyvilon [......]
Gold:   62         SH: 10    Dex: 12    Spells: 4/4 levels left

rFire    . . .     GDR:     28% a - +0 long sword
rCold    . . .     SeeInvis .   c - +0 medium shield
rNeg     . . .     Gourm    .   b - +0 scale mail
rPois    .         Faith    .   (no helmet)
rElec    .         Spirit   .   (no cloak)
rCorr    .         Reflect  .   (no gloves)
MR       .....                  (no boots)
Stlth    ..........             (no amulet)
HPRegen  0.16/turn              (no ring)
MPRegen  0.09/turn              (no ring)

@: no status effects
A: no striking features
a: Renounce Religion


You were on level 3 of the Dungeon.
You worshipped Elyvilon.
Elyvilon was noncommittal.
You were not hungry.

You visited 1 branch of the dungeon, and saw 3 of its levels.

You collected 62 gold pieces.

Inventory:

Hand Weapons
 a - a +0 long sword (weapon)
Armour
 b - a +0 scale mail (worn)
 c - a +0 medium shield (worn)
Scrolls
 h - a scroll of teleportation {unknown}
 j - 2 scrolls of enchant armour {unknown}
 m - a scroll of fear {unknown}
Potions
 d - a potion of might
 f - a potion of berserk rage {unknown}
 i - a potion of experience {unknown}
 k - 2 potions of curing {unknown}
 l - a potion of brilliance {unknown}
Comestibles
 e - a ration {!d}
 g - 2 chunks of flesh


   Skills:
 + Level 3.6 Fighting
 + Level 3.9 Long Blades
 + Level 4.2 Armour
 + Level 0.9 Dodging
 + Level 4.0 Shields


You had 4 spell levels left.
You didn't know any spells.
Your spell library was empty.

Dungeon Overview and Level Annotations

Branches:
Dungeon (3/12)

Altars:
Elyvilon
Makhleb


Message History

* * * LOW HITPOINT WARNING * * *
There is an open door, spattered with blood here.
Items here: )) [ †† a +0 hand axe; a +0 flail; a +0 leather armour; an orc corpse x2
Your shield prevents you from hitting the orc.
The orc hits you with a +0 trident.
* * * LOW HITPOINT WARNING * * *
You hit the orc.
The orc is heavily wounded.
You block the orc's attack.
You hit the orc but do no damage.
The orc is moderately wounded.
You block the orc's attack.
You hit the orc but do no damage.
The orc is moderately wounded.
You block the orc's attack.
You hit the orc but do no damage.
The orc is moderately wounded.
The orc hits you with a +0 trident.
You die...

#.##.# #.##.#
.###########.##.#
.............##.#
.##......######.#
........)######.#
.#.......÷...##.#
...####.####.##.#
.. ###@## #.##.#
# #.o..# #.##.#
#....# #....#
#....# ######
#....+ #....#
#....# #....#
#....#


You could see an orc.

Vanquished Creatures
  An orc priest (D:3)
  A hound (D:2)
  An adder (D:2)
  2 worms (D:2)
  A dart slug (D:1)
  3 leopard geckos (D:1)
  6 orcs
  4 giant cockroaches
  5 goblins
  10 hobgoblins
  3 jackals (D:1)
  2 quokkas
  5 bats
  2 frilled lizards (D:2)
  7 kobolds
  A rat (D:1)
54 creatures vanquished.

Notes
Turn   | Place    | Note
-------+----------+-------------------------------------------
     0 | D:1      | Coyote68 the Human Fighter began the quest for the Orb.
     0 | D:1      | Reached XP level 1. HP: 18/18 MP: 1/1
   137 | D:1      | Reached XP level 2. HP: 24/24 MP: 2/2
   412 | D:1      | Reached XP level 3. HP: 28/29 MP: 3/3
   876 | D:2      | Found a burning altar of Makhleb.
   890 | D:2      | Reached XP level 4. HP: 18/35 MP: 4/4
  1368 | D:2      | Reached XP level 5. HP: 37/41 MP: 5/5
  1693 | D:2      | Found a white marble altar of Elyvilon.
  1698 | D:2      | Became a worshipper of Elyvilon the Healer
  1970 | D:3      | HP: 1/41 [orc/+0 trident (4)]
  1974 | D:3      | Slain by an orc

Skill      XL: |  1  2  3  4  5 |
---------------+----------------+-----
Long Blades    | 3 |  3.9
Armour         | 4 |  4.2
Shields        | 4 |  4.0
Fighting       | |  3.6
Dodging        | |  0.9

Action                   |  1- 3 |  4- 6 || total
-------------------------+-------+-------++-------
Melee: Long sword        |   127 |   101 ||   228
  Eat: Chunk             |     4 |     5 ||     9
       Ration            |       |     1 ||     1
Armor: Scale mail        |    71 |    37 ||   108
Dodge: Dodged            |    27 |    16 ||    43
Block: Medium shield     |    67 |    63 ||   130
